[Event "Titled Tuesday Blitz April 05 Late 2022"]
[White "Adewumi, Tanitoluwa"]
[Black "Cagara, Paulina"]
[WhiteFideId "30966396"]
[BlackFideId "1124870"]
[WhiteElo "2574"]
[BlackElo "1780"]
[Result "0-1"]
[Round "01"]
[TimeControl "180+1"]
[Date "2022.04.06"]
[WhiteClock "0:00:01"]
[BlackClock "0:00:21"]

1. e4 c6 2. d4 d5 3. exd5 cxd5 4. Bd3 Nc6 5. c3 Nf6 6. Bf4 Bg4 7. f3 Bh5 8. Ne2 e6 9. O-O Bd6 10. Qe1 O-O 11. Nd2 a6 12. Qh4 Bg6 13. Bxg6 hxg6 14. Rae1 b5 15. a3 Ne7 16. Bg5 Nf5 17. Qh3 Qc7 18. g4 Ne7 19. f4 Nh7 20. Bxe7 Qxe7 21. Nf3 a5 22. Ne5 b4 23. axb4 axb4 24. Ng3 bxc3 25. bxc3 Ra3 26. f5 gxf5 27. gxf5 Rxc3 28. fxe6 Qxe6 29. Qg2 Bxe5 30. Rxe5 Qg4 31. Qxd5 Rxg3+ 32. hxg3 Qxg3+ 33. Qg2 Qh4 34. Re4 Qh6 35. d5 Ng5 36. Re3 Rd8 37. Rg3 f6 38. Qa2 Kh8 39. Rg2 Nh3+ 40. Kh2 Nf4+ 41. Kg1 Nxg2 42. Kxg2 Qg5+ 43. Kf2 Rxd5 44. Rh1+ Kg8 45. Rd1 Qf4+ 46. Ke1 Qg3+ 47. Kf1 Qf3+ 48. Ke1 Qxd1+ 0-1


[Site "https://www.chess.com"]

[Event "Titled Tuesday Blitz April 05 Late 2022"]
[White "Almagro Mazariegos, Sebastian"]
[Black "Ovetchkin, Roman"]
[WhiteFideId "2221640"]
[BlackFideId "4119991"]
[WhiteElo "2273"]
[BlackElo "2409"]
[Result "0-1"]
[Round "01"]
[TimeControl "180+1"]
[Date "2022.04.06"]
[WhiteClock "0:00:02"]
[BlackClock "0:00:28"]

1. e4 c6 2. c4 d5 3. cxd5 cxd5 4. exd5 Nf6 5. Nc3 g6 6. Bc4 Bg7 7. h3 O-O 8. Qf3 Nbd7 9. d4 a6 10. a4 Nb6 11. Bb3 Bd7 12. Nge2 Nc8 13. O-O Nd6 14. Re1 Re8 15. Bf4 Qb6 16. Ra3 Rac8 17. Be5 Nc4 18. Bxc4 Rxc4 19. Ra2 a5 20. Nf4 Qb3 21. Rea1 Rec8 22. Qd1 Qxd1+ 23. Rxd1 Ne8 24. Ra3 Bh6 25. Nd3 b6 26. Rb3 f6 27. Bf4 Bxf4 28. Nxf4 Rb4 29. Rxb4 axb4 30. Na2 Bxa4 31. Rc1 Rxc1+ 32. Nxc1 Nd6 33. Ncd3 b3 34. Ne2 Bb5 35. Nec1 Bc4 36. Nb4 Kf7 37. f3 Nf5 0-1


[Site "https://www.chess.com"]

[Event "Titled Tuesday Blitz April 05 Late 2022"]
[White "Ambartsumova, Karina"]
[Black "Brizzi, Milagros Tatiana"]
[WhiteFideId "4166299"]
[BlackFideId "128350"]
[WhiteElo "2262"]
[BlackElo "1844"]
[Result "1-0"]
[Round "01"]
[TimeControl "180+1"]
[Date "2022.04.06"]
[WhiteClock "0:00:36"]
[BlackClock "0:00:04"]

1. e4 c6 2. Ne2 d5 3. e5 Bf5 4. Ng3 Bg6 5. h4 h6 6. h5 Bh7 7. e6 fxe6 8. d4 Nd7 9. Bd3 Ngf6 10. f4 Qb6 11. Bxh7 Rxh7 12. Qd3 O-O-O 13. Nd2 Rh8 14. Nf3 Kb8 15. a4 c5 16. a5 Qc7 17. c3 Rg8 18. Be3 Ng4 19. Bd2 e5 20. fxe5 e6 21. Qg6 Ngxe5 22. dxe5 Nxe5 23. Nxe5 Qxe5+ 24. Ne2 Bd6 25. Bf4 Qf5 26. Qxf5 exf5 27. O-O Kc7 28. Bxd6+ Kxd6 29. Rxf5 Rgf8 30. Raf1 Rxf5 31. Rxf5 Ke6 32. Rf3 d4 33. cxd4 cxd4 34. Nf4+ Ke5 35. Nd3+ Ke4 36. Kf2 Rc8 37. Kg3 Rc2 38. b4 Rd2 39. Nc5+ Kd5 40. Nxb7 Rb2 41. Rf5+ Kc4 42. Nd6+ Kc3 43. Rc5+ Kd3 44. b5 Ke2 45. Nc4 Rb3+ 46. Kf4 d3 47. Re5+ Kf2 48. Rd5 Ke2 49. b6 axb6 50. axb6 Rb4 51. Rd4 1-0


[Site "https://www.chess.com"]

[Event "Titled Tuesday Blitz April 05 Late 2022"]
[White "Andreikin, Dmitry"]
[Black "Gogolev, Artem"]
[WhiteFideId "4158814"]
[BlackFideId "4116615"]
[WhiteElo "2736"]
[BlackElo "2126"]
[Result "1-0"]
[Round "01"]
[TimeControl "180+1"]
[Date "2022.04.05"]
[WhiteClock "0:00:06"]
[BlackClock "0:00:12"]

1. d4 Nf6 2. c4 e6 3. Nf3 Bb4+ 4. Bd2 Be7 5. Nc3 d5 6. e3 O-O 7. Rc1 Nbd7 8. Qc2 dxc4 9. Bxc4 c5 10. O-O cxd4 11. exd4 b6 12. d5 exd5 13. Nxd5 Bb7 14. Nxe7+ Qxe7 15. Rfe1 Qc5 16. Qb3 Qh5 17. Re7 Bxf3 18. Qxf3 Qxf3 19. gxf3 Rae8 20. Rce1 Rxe7 21. Rxe7 Rc8 22. Bxf7+ Kf8 23. Bb4 Rc5 24. Bxc5 bxc5 25. Re6 Kxf7 26. Ra6 Nd5 27. Rxa7 Ke6 28. Ra8 Ne5 29. a4 Kd6 30. a5 Kc6 31. Rb8 Nxf3+ 32. Kg2 Nd4 33. a6 Nb5 34. Rb7 Ndc7 35. b3 g5 36. Kg3 h5 37. Rb8 Nxa6 38. Rh8 h4+ 39. Kg4 Nd4 40. Kxg5 Nf3+ 41. Kf4 Nxh2 42. Rxh4 Nf1 43. Rh6+ Kb5 44. Ke5 Nd2 45. f4 Nxb3 46. f5 c4 47. f6 c3 48. f7 Nac5 49. Kd6 c2 50. Rh1 Ne4+ 51. Ke7 Nf2 52. f8=Q Nxh1 53. Qf5+ Nc5 54. Qxc2 Ng3 55. Qb2+ Kc6 56. Qf6+ Kb5 57. Qb2+ Kc6 58. Qb1 Nge4 59. Qc2 Kd5 60. Qd1+ Ke5 61. Qc1 Kd5 62. Qf4 Kd4 63. Qf1 Kd5 64. Kf7 Ke5 65. Kg6 Ne6 66. Qf5+ 1-0


[Site "https://www.chess.com"]

[Event "Titled Tuesday Blitz April 05 Late 2022"]
[White "Arnold, Ken"]
[Black "Delaney, Killian"]
[WhiteFideId "2056836"]
[BlackFideId "2501570"]
[WhiteElo "2205"]
[BlackElo "2306"]
[Result "1/2-1/2"]
[Round "01"]
[TimeControl "180+1"]
[Date "2022.04.06"]
[WhiteClock "0:00:07"]
[BlackClock "0:00:07"]

1. d4 d5 2. Nf3 Nf6 3. c3 Bf5 4. Bf4 e6 5. e3 Bd6 6. Bg3 Nbd7 7. Bd3 Ne4 8. Bxd6 cxd6 9. Qe2 O-O 10. Nbd2 Nxd2 11. Nxd2 Bxd3 12. Qxd3 Qb6 13. Rb1 a5 14. O-O a4 15. Rfc1 Rfc8 16. h3 g6 17. e4 dxe4 18. Nxe4 d5 19. Ng5 Qd6 20. Nf3 Rc6 21. a3 Nb6 22. Ne5 Rc7 23. Rc2 Nc4 24. Re1 Nxe5 25. Rxe5 f6 26. Re3 e5 27. dxe5 fxe5 28. Rce2 Re8 29. Qb5 Ree7 30. Qxa4 Kg7 31. Qb4 Qf6 32. Rf3 Qe6 33. Rfe3 Qf6 34. Qa5 Rcd7 35. Qb5 d4 36. Rxe5 dxc3 37. Rxe7+ Rxe7 38. Rxe7+ Qxe7 39. bxc3 Qe1+ 40. Kh2 Qxf2 41. Qxb7+ Kh6 42. a4 Qf4+ 43. g3 Qd2+ 44. Kg1 Qd1+ 45. Kh2 Qd2+ 46. Kg1 Qd1+ 47. Kh2 Qd2+ 1/2-1/2


[Site "https://www.chess.com"]

[Event "Titled Tuesday Blitz April 05 Late 2022"]
[White "Babazada, Khazar"]
[Black "Vovk, Orest"]
[WhiteFideId "13413554"]
[BlackFideId "14113490"]
[WhiteElo "2406"]
[BlackElo "2203"]
[Result "1-0"]
[Round "01"]
[TimeControl "180+1"]
[Date "2022.04.05"]
[WhiteClock "0:01:54"]
[BlackClock "0:01:35"]

1. Nf3 h6 2. e4 g5 3. d4 Bg7 4. Nc3 g4 5. Ne5 Bxe5 6. dxe5 d6 7. Bf4 Nc6 8. Bb5 Bd7 9. exd6 cxd6 10. Qd2 Qa5 11. O-O-O Nf6 12. Rhe1 Rc8 13. a3 a6 14. Bxc6 Rxc6 15. e5 dxe5 16. Rxe5 Rc5 17. Rxe7+ Kxe7 18. Qd6+ Ke8 19. Qxf6 Rg8 20. Bd6 1-0


[Site "https://www.chess.com"]

[Event "Titled Tuesday Blitz April 05 Late 2022"]
[White "Baches Garcia, Guillermo"]
[Black "Svane, Frederik"]
[WhiteFideId "2209764"]
[BlackFideId "12923044"]
[WhiteElo "2494"]
[BlackElo "2459"]
[Result "0-1"]
[Round "01"]
[TimeControl "180+1"]
[Date "2022.04.05"]
[WhiteClock "0:00:12"]
[BlackClock "0:00:05"]

1. e4 c5 2. Nf3 g6 3. d4 cxd4 4. Qxd4 Nf6 5. c4 Nc6 6. Qe3 Bg7 7. Be2 O-O 8. O-O d6 9. h3 a6 10. Nc3 Be6 11. Rd1 Qb8 12. Rb1 Rc8 13. b3 Qa7 14. Qd2 Nd7 15. Bb2 Nc5 16. Ng5 h6 17. Nxe6 Nxe6 18. Nd5 Bxb2 19. Qxb2 h5 20. b4 Re8 21. Bf1 Rac8 22. Rbc1 a5 23. b5 Ne5 24. b6 Qb8 25. f4 Nd7 26. f5 Nec5 27. fxg6 fxg6 28. Rc3 Ne5 29. Re3 Rc6 30. Qf2 Qd8 31. Qg3 e6 32. Nf4 Qf6 33. Nxh5 Qf7 34. Nf4 Rf8 35. Ne2 Rxb6 36. Nd4 Qf4 37. Nb5 Qxg3 38. Rxg3 Nxe4 39. Re3 Nc5 40. Rxd6 Rxd6 41. Nxd6 Nc6 42. Ne4 Nxe4 43. Rxe4 Rf6 44. g4 g5 45. Bg2 Kf7 46. Re2 Rf4 47. Rb2 Rxc4 48. Rxb7+ Kf6 49. Rc7 Ne5 50. Ra7 Ra4 51. Ra6 Ke7 52. Bf1 Rxa2 53. Ra7+ Kf6 54. Ra6 Nf3+ 0-1


[Site "https://www.chess.com"]

[Event "Titled Tuesday Blitz April 05 Late 2022"]
[White "Bachmann, Axel"]
[Black "He, Anthony"]
[WhiteFideId "3700488"]
[BlackFideId "2088215"]
[WhiteElo "2587"]
[BlackElo "2415"]
[Result "0-1"]
[Round "01"]
[TimeControl "180+1"]
[Date "2022.04.05"]
[WhiteClock "0:00:02"]
[BlackClock "0:00:52"]

1. d4 Nf6 2. g3 d5 3. Nf3 Bf5 4. c4 e6 5. Nc3 Nc6 6. a3 dxc4 7. Nh4 Qxd4 8. Nxf5 Qxd1+ 9. Nxd1 exf5 10. Bf4 O-O-O 11. Rc1 b5 12. Bg2 Nd4 13. Ne3 Bc5 14. Be5 Rhe8 15. Bxd4 Bxd4 16. Nd1 Ne4 17. e3 Bb6 18. O-O a6 19. Nc3 Nxc3 20. Rxc3 Rd2 21. b3 cxb3 22. Rxb3 Red8 23. Bf3 R8d3 24. Rfb1 g6 25. Kf1 Bc5 26. a4 Rxb3 27. Rxb3 bxa4 28. Rb1 a3 29. Bb7+ Kd7 30. Bxa6 Bd6 31. Bc4 Be5 32. Ke1 Rc2 33. Rd1+ Ke7 0-1


[Site "https://www.chess.com"]

[Event "Titled Tuesday Blitz April 05 Late 2022"]
[White "Baker, Chris W"]
[Black "Jaferian, Koosha"]
[WhiteFideId "401676"]
[BlackFideId "12507440"]
[WhiteElo "2138"]
[BlackElo "2030"]
[Result "1-0"]
[Round "01"]
[TimeControl "180+1"]
[Date "2022.04.06"]
[WhiteClock "0:00:59"]
[BlackClock "0:01:02"]

1. d4 Nf6 2. Nf3 e6 3. c4 b6 4. g3 Ba6 5. b3 Bb4+ 6. Bd2 Be7 7. Bg2 c6 8. O-O O-O 9. Bc3 d5 10. Nbd2 Nbd7 11. Qc2 Rc8 12. Rad1 Bb7 13. Qb1 Qc7 14. Bb2 c5 15. dxc5 Nxc5 16. cxd5 Bxd5 17. Rc1 Qb7 18. Nc4 Nce4 19. Nce5 Rfd8 20. Qa1 Rxc1 21. Rxc1 Bc5 22. Nd3 Be7 23. Nf4 Bc6 24. Ne5 Bd5 25. Nxd5 exd5 26. Nd3 Qd7 27. Bd4 Qf5 28. Bf3 Ng5 29. Bg2 Nge4 30. Rc7 Bf8 31. Qc1 Rd7 32. Rc8 h5 33. Qf4 Qe6 34. Qb8 Kh7 35. Rxf8 Nd6 36. Nf4 Qf5 37. Rh8# 1-0


[Site "https://www.chess.com"]

[Event "Titled Tuesday Blitz April 05 Late 2022"]
[White "Bazeev, German"]
[Black "Ozdemir, Serhan Berat"]
[WhiteFideId "24119350"]
[BlackFideId "6374611"]
[WhiteElo "2493"]
[BlackElo "1920"]
[Result "1-0"]
[Round "01"]
[TimeControl "180+1"]
[Date "2022.04.06"]
[WhiteClock "0:01:44"]
[BlackClock "0:00:28"]

1. d4 Nf6 2. Bg5 g6 3. Bxf6 exf6 4. h4 h5 5. e3 d5 6. c4 c6 7. cxd5 Qxd5 8. Nc3 Bb4 9. Qb3 Qxb3 10. axb3 a5 11. Nf3 Be6 12. Bc4 Bxc4 13. bxc4 Nd7 14. Ke2 Ke7 15. Rhc1 Rhb8 16. Nd2 f5 17. g3 Nf6 18. c5 Bxc3 19. Rxc3 Nd5 20. Rb3 b6 21. cxb6 Rxb6 22. Rxb6 Nxb6 23. Nb3 Nc4 24. Kd3 Nd6 25. Nc5 Rb8 26. b3 Ne4 27. Nxe4 fxe4+ 28. Kc3 Rb5 29. Ra4 Kd6 30. Ra1 Rf5 31. Ra2 Rb5 32. Kc4 Rb4+ 33. Kc3 Rb5 34. f4 exf3 35. Rf2 c5 36. Rxf3 cxd4+ 37. exd4 Ke6 38. Re3+ Kd6 39. Re8 Rf5 40. Kc4 Rf3 41. Ra8 Rxg3 42. Ra6+ Ke7 43. Rxa5 f5 44. b4 f4 45. b5 f3 46. Kd3 f2+ 47. Ke2 Rg4 48. Ra4 Rf4 49. Kf1 Kd6 50. b6 Kc6 51. d5+ Kxb6 52. Rxf4 Kc5 53. Rxf2 Kd6 54. Re2 Kxd5 55. Kg2 g5 56. hxg5 1-0


[Site "https://www.chess.com"]

[Event "Titled Tuesday Blitz April 05 Late 2022"]
[White "Bellissimo, Joseph F."]
[Black "Gomez Dieguez, David"]
[WhiteFideId "2609843"]
[BlackFideId "22223630"]
[WhiteElo "2061"]
[BlackElo "2115"]
[Result "1-0"]
[Round "01"]
[TimeControl "180+1"]
[Date "2022.04.06"]
[WhiteClock "0:01:59"]
[BlackClock "0:01:38"]

1. e4 c6 2. d4 d5 3. e5 c5 4. dxc5 e6 5. a3 Bxc5 6. Nf3 Nd7 7. Bd3 Be7 8. b4 f6 9. Bb2 Nh6 10. O-O O-O 11. c4 Nf7 12. cxd5 exd5 13. e6 Nfe5 14. exd7 Bxd7 15. Nxe5 fxe5 16. Bxe5 Bf6 17. Bxf6 Qxf6 18. Nd2 h5 19. Qxh5 Bf5 20. Bxf5 Qxf5 21. Qxf5 Rxf5 22. Nf3 Raf8 23. Rad1 a5 24. Rd4 axb4 25. axb4 1-0


[Site "https://www.chess.com"]

[Event "Titled Tuesday Blitz April 05 Late 2022"]
[White "Bordi, Kevin"]
[Black "Sebag, Marie"]
[WhiteFideId "621862"]
[BlackFideId "617822"]
[WhiteElo "2777"]
[BlackElo "2440"]
[Result "0-1"]
[Round "01"]
[TimeControl "180+1"]
[Date "2022.04.06"]
[WhiteClock "0:01:09"]
[BlackClock "0:00:22"]

1. e4 c6 2. c4 d5 3. cxd5 cxd5 4. exd5 g6 5. Nc3 Bg7 6. Bc4 Nf6 7. Nf3 Nbd7 8. O-O O-O 9. d3 Nb6 10. Qb3 Qc7 11. Re1 a6 12. Bg5 h6 13. Bh4 Nbd7 14. Rxe7 b5 15. Bxb5 axb5 16. Nxb5 Qc5 17. d6 Rb8 18. a4 Ba6 19. d4 Qxd6 20. Rae1 Bxb5 21. Bg3 Qd5 22. Qxd5 Nxd5 23. axb5 Nxe7 24. Rxe7 Rbc8 25. h4 Nb6 26. Rb7 Nd5 27. Rd7 Nf6 28. Ra7 Rc1+ 29. Kh2 Ng4+ 30. Kh3 h5 31. Bd6 Nxf2+ 32. Kh2 Rh1+ 33. Kg3 Ne4+ 34. Kf4 Nxd6 0-1


[Site "https://www.chess.com"]

[Event "Titled Tuesday Blitz April 05 Late 2022"]
[White "Buchenau, Frank"]
[Black "Abdyzhapar, Asylbek"]
[WhiteFideId "4604350"]
[BlackFideId "13800337"]
[WhiteElo "2193"]
[BlackElo "2331"]
[Result "0-1"]
[Round "01"]
[TimeControl "180+1"]
[Date "2022.04.06"]
[WhiteClock "0:00:02"]
[BlackClock "0:01:38"]

1. e4 c6 2. Nf3 d5 3. Nc3 Bg4 4. d4 e6 5. Bd3 dxe4 6. Nxe4 Nf6 7. Nxf6+ gxf6 8. h3 Bh5 9. Bf4 Nd7 10. Qe2 Qa5+ 11. c3 O-O-O 12. a4 Rg8 13. b4 Qd5 14. Be4 Qb3 15. O-O Nb6 16. Rfc1 f5 17. Bd3 Qd5 18. Kh1 Bh6 19. Bxh6 Rxg2 20. c4 Qxf3 21. Qxf3 Bxf3 22. Be2 Rxf2+ 23. Bxf3 Rxf3 24. Kg2 Rb3 25. a5 Nd7 26. b5 Rg8+ 27. Kh2 Rgg3 28. Bf4 Rgf3 29. Bd6 Rb2+ 30. Kg1 Nf6 31. bxc6 bxc6 32. Rab1 Rfb3 33. Rxb2 Rxb2 34. Be5 Ne4 0-1


[Site "https://www.chess.com"]

[Event "Titled Tuesday Blitz April 05 Late 2022"]
[White "Burke, Paul"]
[Black "Koellner, Ruben Gideon"]
[WhiteFideId "2605767"]
[BlackFideId "12993093"]
[WhiteElo "1868"]
[BlackElo "2551"]
[Result "0-1"]
[Round "01"]
[TimeControl "180+1"]
[Date "2022.04.06"]
[WhiteClock "0:01:18"]
[BlackClock "0:01:44"]

1. e4 d6 2. Nc3 Nf6 3. g3 e5 4. Bg2 Be7 5. Nge2 O-O 6. O-O c6 7. h3 Re8 8. d3 Bf8 9. f4 d5 10. f5 dxe4 11. Nxe4 Nxe4 12. dxe4 Qxd1 13. Rxd1 Na6 14. c3 Nc7 15. Be3 f6 16. g4 h6 17. Rd2 Na6 18. Rad1 Bc5 19. Bxc5 Nxc5 20. Rd8 Kf7 21. Rxe8 Kxe8 22. b4 Na4 23. Kf2 b6 24. Ke3 Ba6 25. Rd6 Rc8 26. Re6+ Kd7 27. a3 Bc4 0-1


[Site "https://www.chess.com"]

[Event "Titled Tuesday Blitz April 05 Late 2022"]
[White "Calderon, Zachary"]
[Black "Do Valle Cardoso, Lucas"]
[WhiteFideId "2076969"]
[BlackFideId "2163144"]
[WhiteElo "2301"]
[BlackElo "2331"]
[Result "0-1"]
[Round "01"]
[TimeControl "180+1"]
[Date "2022.04.06"]
[WhiteClock "0:01:26"]
[BlackClock "0:01:20"]

1. Nf3 d5 2. c4 d4 3. g3 Nc6 4. d3 e5 5. Bg2 h6 6. O-O Nf6 7. Na3 Be7 8. Nc2 a5 9. Bd2 O-O 10. Rb1 Nd7 11. b4 axb4 12. Nxb4 Nxb4 13. Bxb4 Bxb4 14. Rxb4 Rxa2 15. Nd2 b6 16. f4 exf4 17. Rxf4 Re8 18. Rxd4 c5 19. Rxd7 Bxd7 20. Rb1 Bg4 21. Be4 Rxd2 22. Qxd2 Rxe4 23. Rxb6 Rxe2 24. Qf4 Qxd3 25. Rb1 Qxb1+ 26. Qc1 Rb2 27. h3 Bd1 28. Qe3 Be2+ 29. Kf2 Bxc4+ 30. Kf3 Rb3 31. Kf4 Rxe3 32. g4 Qd3 33. g5 Qd4+ 34. Kf5 Re5# 0-1


[Site "https://www.chess.com"]

[Event "Titled Tuesday Blitz April 05 Late 2022"]
[White "Chernobay, Artem"]
[Black "Hernandez Bermudez, Ulises Eduardo"]
[WhiteFideId "4167406"]
[BlackFideId "3902510"]
[WhiteElo "2473"]
[BlackElo "2056"]
[Result "1-0"]
[Round "01"]
[TimeControl "180+1"]
[Date "2022.04.06"]
[WhiteClock "0:00:21"]
[BlackClock "0:00:11"]

1. e4 c5 2. Nf3 d6 3. d4 cxd4 4. Nxd4 Nf6 5. Nc3 a6 6. f3 e5 7. Nb3 Be7 8. Be3 O-O 9. Qd2 Be6 10. O-O-O Nbd7 11. g4 Qc7 12. g5 Nh5 13. Rg1 b5 14. Nd5 Bxd5 15. exd5 Nb6 16. Na5 Nxd5 17. Qxd5 Qxa5 18. Kb1 Rac8 19. Bd3 g6 20. c4 Rb8 21. Rc1 Qb4 22. cxb5 axb5 23. Rc7 Bd8 24. Rd7 Bb6 25. Bxb6 Rxb6 26. Be4 Ng7 27. Rc1 Ne6 28. a3 Qd4 29. h4 Qxd5 30. Bxd5 Nf4 31. Bb3 d5 32. Rcc7 d4 33. Bxf7+ Kh8 34. Bb3 1-0


[Site "https://www.chess.com"]

[Event "Titled Tuesday Blitz April 05 Late 2022"]
[White "Chernomordik, Pavel"]
[Black "Hambleton, Aman"]
[WhiteFideId "2804530"]
[BlackFideId "2606577"]
[WhiteElo "2220"]
[BlackElo "2552"]
[Result "0-1"]
[Round "01"]
[TimeControl "180+1"]
[Date "2022.04.06"]
[WhiteClock "0:00:39"]
[BlackClock "0:00:05"]

1. e4 c5 2. Nc3 e6 3. f4 d5 4. Nf3 Nf6 5. e5 Ng8 6. g3 Ne7 7. Bg2 a6 8. O-O b5 9. a4 b4 10. Ne2 a5 11. d4 Nf5 12. Qe1 h5 13. h3 Ba6 14. Kh2 cxd4 15. Rh1 Nc6 16. Kg1 Bxe2 17. Qxe2 Nxg3 18. Qb5 Qd7 19. Rh2 Rb8 20. Qd3 b3 21. Nh4 Ne4 22. Bxe4 Nb4 23. Qxb3 dxe4 24. f5 Bc5 25. Qc4 Rc8 26. fxe6 fxe6 27. Ng6 d3+ 28. Kh1 Qf7 29. Qb5+ Kd8 30. Qxa5+ Kd7 31. Qb5+ Rc6 32. Qb7+ Rc7 33. Qb5+ Kc8 34. Nf4 g5 35. Qc4 gxf4 36. a5 f3 37. Bg5 f2 38. Bf6 Rg8 39. Rg2 Rxg2 40. Kxg2 Qg6+ 41. Kh2 Qg1+ 42. Rxg1 fxg1=Q# 0-1


[Site "https://www.chess.com"]

[Event "Titled Tuesday Blitz April 05 Late 2022"]
[White "Chojnacki, Slawomir"]
[Black "Maghsoodloo, Parham"]
[WhiteFideId "1117076"]
[BlackFideId "12539929"]
[WhiteElo "2084"]
[BlackElo "2630"]
[Result "0-1"]
[Round "01"]
[TimeControl "180+1"]
[Date "2022.04.05"]
[WhiteClock "0:01:31"]
[BlackClock "0:01:42"]

1. d4 Nf6 2. Nf3 d5 3. c3 c5 4. Bf4 Nc6 5. e3 Qb6 6. Qb3 c4 7. Qc2 Bf5 8. Qc1 h6 9. Be2 e6 10. O-O Qd8 11. Nbd2 b5 12. a3 Be7 13. Bd1 O-O 14. Re1 a5 15. h3 b4 16. Ba4 Qb6 17. g4 Bd3 18. Bxc6 Qxc6 19. Ne5 Qb5 20. Nxd3 cxd3 21. c4 dxc4 22. Qxc4 Qxc4 23. Nxc4 Nd5 24. Bd6 Rfc8 25. Bxe7 Rxc4 26. Bc5 Rc2 27. axb4 Rxb2 28. Red1 d2 29. bxa5 Nc3 30. Bb6 Rc8 31. Bc5 e5 32. a6 exd4 33. exd4 Rc2 34. a7 Nxd1 35. a8=Q Rxa8 36. Rxa8+ Kh7 37. Bb4 Nc3 0-1


[Site "https://www.chess.com"]

[Event "Titled Tuesday Blitz April 05 Late 2022"]
[White "Constantinou, Peter"]
[Black "Hardaway, Brewington"]
[WhiteFideId "413038"]
[BlackFideId "30941849"]
[WhiteElo "2230"]
[BlackElo "1768"]
[Result "0-1"]
[Round "01"]
[TimeControl "180+1"]
[Date "2022.04.06"]
[WhiteClock "0:00:04"]
[BlackClock "0:00:09"]

1. b3 Nf6 2. Bb2 e6 3. g3 d5 4. Bg2 Bd6 5. d3 Nc6 6. Nd2 Ne5 7. Ngf3 Neg4 8. h3 Nh6 9. g4 Nhg8 10. e4 dxe4 11. dxe4 Be7 12. Qe2 Kf8 13. O-O-O Qe8 14. Nc4 a5 15. Nce5 a4 16. Ng5 Nh6 17. f4 Nd7 18. Rhf1 Nxe5 19. Bxe5 f6 20. Bb2 fxg5 21. fxg5+ Nf7 22. h4 Kg8 23. Kb1 e5 24. Qc4 b5 25. Qxc7 Bxg4 26. Bf3 Be6 27. Bh5 axb3 28. axb3 Rc8 29. Bxf7+ Bxf7 30. Qxe5 Bf8 31. Qf4 Bg6 32. Rde1 Qc6 33. Rf2 h5 34. Qe5 Qc7 35. Qe6+ Kh7 36. Be5 Qc6 37. Qd5 Bb4 38. Rd1 Bxe4 39. Qxc6 Rxc6 40. Rd7 Rg8 41. Rff7 Bxc2+ 42. Kb2 Kg6 43. Rxg7+ Rxg7 44. Rxg7+ Kf5 45. Bd4 Be4 46. Rf7+ Kg4 47. Rf2 Bf3 48. Bf6 Bc5 49. Rc2 Ba3+ 50. Kb1 Be4 0-1


[Site "https://www.chess.com"]

[Event "Titled Tuesday Blitz April 05 Late 2022"]
[White "Curtis, John"]
[Black "Manukyan, Sargis A."]
[WhiteFideId "3200256"]
[BlackFideId "13303970"]
[WhiteElo "2203"]
[BlackElo "2187"]
[Result "0-1"]
[Round "01"]
[TimeControl "180+1"]
[Date "2022.04.06"]
[WhiteClock "0:00:20"]
[BlackClock "0:01:22"]

1. e4 c5 2. Nf3 d6 3. d4 cxd4 4. Nxd4 Nf6 5. Nc3 g6 6. Be2 Bg7 7. Be3 O-O 8. Qd2 Nc6 9. O-O-O d5 10. Kb1 Nxd4 11. Bxd4 dxe4 12. Bxf6 Qxd2 13. Rxd2 Bxf6 14. Nxe4 Bg7 15. f4 Bf5 16. Bf3 Rad8 17. Rhd1 Rxd2 18. Rxd2 h5 19. Ng3 Bc8 20. Ne4 b6 21. c3 Bf5 22. Ka1 e5 23. fxe5 Bxe5 24. h3 h4 25. Rd5 Bg7 26. Nd6 Be6 27. Rd1 Rd8 28. Nb5 Rxd1+ 29. Bxd1 a6 30. Nd4 Bxd4 31. cxd4 Bd5 32. Bf3 Bxf3 33. gxf3 g5 34. Kb1 f5 35. Kc2 g4 36. fxg4 fxg4 0-1


[Site "https://www.chess.com"]

[Event "Titled Tuesday Blitz April 05 Late 2022"]
[White "Czopor, Maciej"]
[Black "Pniaczek, Marek"]
[WhiteFideId "21805431"]
[BlackFideId "21800421"]
[WhiteElo "1999"]
[BlackElo "2138"]
[Result "1-0"]
[Round "01"]
[TimeControl "180+1"]
[Date "2022.04.06"]
[WhiteClock "0:02:13"]
[BlackClock "0:02:24"]

1. d4 Nf6 2. c4 e6 3. g4 d5 4. g5 Ne4 5. Bg2 Bb4+ 6. Kf1 O-O 7. h4 c5 8. cxd5 exd5 9. a3 Ba5 10. dxc5 Nxc5 11. b4 1-0


[Site "https://www.chess.com"]

[Event "Titled Tuesday Blitz April 05 Late 2022"]
[White "D`Arruda, Ricardo D."]
[Black "Spata, German"]
[WhiteFideId "100692"]
[BlackFideId "113026"]
[WhiteElo "2216"]
[BlackElo "2238"]
[Result "0-1"]
[Round "01"]
[TimeControl "180+1"]
[Date "2022.04.06"]
[WhiteClock "0:00:12"]
[BlackClock "0:00:07"]

1. Nf3 Nf6 2. d4 e6 3. c4 b6 4. Nc3 Bb7 5. g3 Be7 6. Bg2 O-O 7. O-O Ne4 8. Bd2 Bf6 9. Rc1 Nxc3 10. Bxc3 d6 11. Qd3 Nd7 12. e4 e5 13. d5 Nc5 14. Qc2 a5 15. b3 Bg5 16. Nxg5 Qxg5 17. f4 Qe7 18. f5 f6 19. g4 c6 20. h4 cxd5 21. exd5 Ba6 22. a4 e4 23. Rce1 Rae8 24. Bd4 Qc7 25. Re3 Bc8 26. Qf2 Rf7 27. h5 h6 28. Rfe1 Rfe7 29. Bxc5 Qxc5 30. Rxe4 Re5 31. Qxc5 bxc5 32. Rxe5 fxe5 33. Be4 Kf7 34. Kg2 Kf6 35. Kg3 Kg5 36. Rf1 Kf6 37. Kh4 Bd7 38. Rg1 Rb8 39. Rg3 Be8 40. Bc2 Bd7 41. g5+ hxg5+ 42. Rxg5 Be8 43. Bd1 Bf7 44. Rg3 Re8 45. Bc2 e4 46. Kg4 e3 47. Rg1 e2 48. Re1 Re5 49. Bd3 Re3 50. Bxe2 Rxb3 51. Bf3 Rb4 52. Be2 Bxd5 53. Rd1 Bxc4 54. Rxd6+ Ke5 55. Rd8 Bxe2+ 56. Kg5 Rg4# 0-1


[Site "https://www.chess.com"]

[Event "Titled Tuesday Blitz April 05 Late 2022"]
[White "Danilov, Vladimir"]
[Black "Theodorou, Nikolas"]
[WhiteFideId "1203398"]
[BlackFideId "4262875"]
[WhiteElo "2227"]
[BlackElo "2472"]
[Result "1/2-1/2"]
[Round "01"]
[TimeControl "180+1"]
[Date "2022.04.05"]
[WhiteClock "0:01:32"]
[BlackClock "0:00:13"]

1. b3 e5 2. Bb2 Nc6 3. e3 d5 4. Bb5 Ne7 5. Nf3 e4 6. Ne5 a6 7. Bxc6+ Nxc6 8. Nxc6 bxc6 9. Qh5 Be6 10. O-O Bd6 11. d3 exd3 12. cxd3 O-O 13. Nd2 a5 14. Rac1 Bd7 15. Nf3 a4 16. Ne5 Qe8 17. Nxd7 Qxd7 18. Rc2 axb3 19. axb3 Rfb8 20. Rfc1 Rxb3 21. Qg5 f5 22. g3 h6 23. Qg6 Qf7 24. Qxf7+ Kxf7 25. Bd4 Ra6 26. Bc5 Ke6 27. d4 g5 28. Bxd6 Kxd6 29. Rc5 Rb5 30. R5c2 Ra3 31. h3 Rb6 32. Kg2 Raa6 33. Rc5 Rb5 34. R5c2 Rb3 35. Rd1 h5 36. Rdc1 Rab6 37. Ra1 Rb2 38. Rxb2 Rxb2 39. Ra8 c5 40. dxc5+ Kxc5 41. Rf8 Kc4 42. Rxf5 c5 43. Rxg5 d4 44. exd4 cxd4 45. Rxh5 d3 46. Rh8 d2 47. Rd8 Kc3 48. h4 Rb4 49. Kf3 Kc2 50. Rc8+ Kd3 51. Rd8+ Kc2 52. Rc8+ Kd3 53. Rd8+ Kc2 1/2-1/2


[Site "https://www.chess.com"]

[Event "Titled Tuesday Blitz April 05 Late 2022"]
[White "Degardin, Sylvain"]
[Black "Sanal, Vahap"]
[WhiteFideId "20623070"]
[BlackFideId "6300545"]
[WhiteElo "2156"]
[BlackElo "2603"]
[Result "0-1"]
[Round "01"]
[TimeControl "180+1"]
[Date "2022.04.05"]
[WhiteClock "0:00:02"]
[BlackClock "0:00:11"]

1. d4 Nf6 2. c4 e6 3. g3 d5 4. Nf3 Bb4+ 5. Bd2 Bxd2+ 6. Nbxd2 O-O 7. Bg2 b6 8. O-O Bb7 9. Qc2 Nbd7 10. Rac1 c5 11. cxd5 Nxd5 12. Rfd1 Rc8 13. Qb1 Qe7 14. e4 N5f6 15. dxc5 Nxc5 16. Ne5 Rfd8 17. b4 Na4 18. Qb3 b5 19. Qe3 Rxc1 20. Rxc1 Qxb4 21. Nb3 Nb6 22. Nc5 Ba8 23. Ned3 Qa3 24. e5 Nfd5 25. Qg5 Rf8 26. Re1 h6 27. Qg4 Ne7 28. Bxa8 Rxa8 29. Re3 Nf5 30. Rf3 Rd8 31. Qe4 Qxa2 32. Kg2 Qd5 33. Qxd5 Rxd5 0-1


[Site "https://www.chess.com"]